cohdb
Replays
Latest Replays
All Replays
Popular Replays
Top Player Replays
Match Explorer
How It Works
Community
CoH3 Stats
Reddit
Sign in to upload your games and track your stats! →
Sign in with Steam
Match 42254650
Unlisted
Match 42254650
Overview
Messages
Build Orders
End
Panzergrenadier Squad
Panzergrenadier Squad
250 Light Carrier
Construct Light Support Kompanie
Assault Grenadier Squad
Panzerjäger Mechanized Group
Fire Support Elements
Veteran Squad Leaders
Selects Panzerjäger Kommand Battlegroup
Selects Tank Busters
Selects Mine Fields
Selects Defensive Positions
2.5-tonne Medical Truck
warpktan
< blank >
Microsoft Outlook
deadsadbadmad
0
0
Comments
sign in to comment!
No comments posted yet!